 Dungeon Crawl Stone Soup version 0.30-a0-1160-g6e42c06551 (webtiles) character file.

Game seed: 18003688761102962305

166 Dittersdorf the Shield-Bearer (level 5, -3/33 HPs)
             Began as a Gargoyle Fighter on Apr 26, 2023.
             Killed from afar by Grinder (9 damage)
             ... with a puff of flame
             ... on level 3 of the Dungeon.
             The game lasted 00:02:51 (1858 turns).

Dittersdorf the Shield-Bearer (Gargoyle Fighter)    Turns: 1858, Time: 00:02:52

Health: -3/33      AC: 11    Str: 28    XL:     5   Next: 47%
Magic:  0/5        EV:  9    Int:  8    God:
Gold:   79         SH:  4    Dex:  9    Spells: 4/4 levels left

rFire   . . .        a - +0 flail
rCold   . . .        c - +0 buckler
rNeg    + . .        b - +0 scale mail
rPois   ∞            (no helmet)
rElec   +            (no cloak)
rCorr   .            (no gloves)
SInv    .            (no boots)
Will    .....        h - amulet of guardian spirit Stlth
                     g - +6 ring of strength
HPRegen 0.25/turn    (no ring)
MPRegen 0.09/turn

%: guardian spirit
@: no status effects
A: sickness immunity, AC +4, negative energy resistance 1, electricity
resistance, torment resistance 1, petrification resistance
a: no special abilities


You were on level 3 of the Dungeon.
You visited 1 branch of the dungeon, and saw 3 of its levels.

You collected 79 gold pieces.

Inventory:

Hand Weapons
 a - a +0 flail (weapon)
Armour
 b - a +0 scale mail (worn)
 c - a +0 buckler (worn)
Jewellery
 g - a +6 ring of strength (left hand)
 h - an amulet of guardian spirit (around neck)
 q - a ring of fire
Wands
 l - a wand of paralysis (26)
Scrolls
 e - a scroll of teleportation {unknown}
 j - 4 scrolls of identify {unknown}
 k - 2 scrolls of fog {unknown}
 n - a scroll of vulnerability {unknown}
 o - 2 scrolls of fear {unknown}
 p - a scroll of poison {unknown}
 r - 2 scrolls of enchant weapon {unknown}
Potions
 d - 2 potions of might
 i - 3 potions of mutation {unknown}
 m - 2 potions of curing {unknown}


   Skills:
 + Level 4.3 Fighting
 + Level 3.2 Maces & Flails
 + Level 4.3 Armour
 + Level 4.3 Shields


You had 4 spell levels left.
You didn't know any spells.
Your spell library was empty.

Dungeon Overview and Level Annotations

Branches:
Dungeon (3/15)

Altars:
Gozag
Makhleb
Nemelex Xobeh
The Shining One

Annotations:
D:3 1 runed translucent door, Crazy Yiuf, Grinder


Innate Abilities, Weirdness & Mutations

You are immune to sickness and miasma.
Your stone body is resilient. (AC +4)
You are immune to poison.
You resist negative energy. (rN+)
You are resistant to electric shocks. (rElec)
You are resistant to unholy torment.
You are immune to petrification.


Message History

You throw a poisoned dart. The poisoned dart hits Grinder.
Grinder is moderately wounded.
Grinder gestures at you.
You suddenly lose the ability to move!
Grinder blinks!
You can move again.
Grinder says, "FISH!"
There is a fountain of sparkling water here.
You closely miss Grinder.
Grinder is moderately wounded.
You block Grinder's attack.
You hit Grinder.
Grinder is moderately wounded.
Grinder hits you!
You writhe in agony.
You sock Grinder!
Grinder is heavily wounded.
Grinder hits you!
You writhe in agony.
Grinder closely misses you.
You closely miss Grinder.
Grinder is heavily wounded.
Grinder hits you but does no damage.
You closely miss Grinder.
Grinder is heavily wounded.
Grinder blinks!
Grinder gestures at you.
You suddenly lose the ability to move!
Grinder zaps a wand.
The puff of flame hits you. Grinder gestures at you.
You resist with significant effort.
You can move again.
You see here a poisoned dart.
f - a poisoned dart Grinder zaps a wand.
The puff of flame hits you.
* * * LOW HITPOINT WARNING * * *
Throw: dart (poison)
Press: ? - help, Q - select action, (/) - cycle Shift-Dir - straight line, f/p - Grinder
Aim: Grinder, carrying a wand of flame (11) (heavily wounded, 52% to hit)
You throw a poisoned dart.
The poisoned dart completely misses Grinder.
Grinder zaps a wand.
The puff of flame hits you!
You die...

....##....#
#............ ...
#....# #............ #.
#...## #.............
##..###########........
#..##...## #........
#.##..8..## #........
#.#.......# #########
#.#..._...# #.'.⌠.@5⌠(#
###..._...# #.(....(#
##..8..## ##...## #####


You could see Grinder.

Vanquished Creatures
  An iguana (D:1)
  An orc wizard (D:1)
  4 adders
  2 worms (D:2)
  5 dart slugs
  3 orcs (D:2)
  4 bats
  3 endoplasms (D:2)
  A giant cockroach (D:3)
  4 goblins
  4 hobgoblins
  9 jackals
  3 quokkas
  5 ball pythons
  2 frilled lizards (D:1)
  2 kobolds
  5 rats
58 creatures vanquished.

Vanquished Creatures (others)
  2 plants (D:2)
2 creatures vanquished.

Grand Total: 60 creatures vanquished

Notes
Turn   | Place    | Note
-------+----------+-------------------------------------------
     0 | D:1      | Dittersdorf the Gargoyle Fighter began the quest for the
                  | Orb.
     0 | D:1      | Reached XP level 1. HP: 14/14 MP: 1/1
    35 | D:1      | You fall into a shaft and drop 1 floor!
    95 | D:1      | Reached XP level 2. HP: 11/19 MP: 2/2
   304 | D:1      | Reached XP level 3. HP: 23/23 MP: 3/3
   692 | D:1      | Found a faded altar of an unknown god.
   783 | D:2      | Found a glowing golden altar of the Shining One.
   926 | D:2      | Reached XP level 4. HP: 29/29 MP: 4/4
  1135 | D:2      | Identified the +3 sling "Fyprosk" {heavy, Contam Int+5
                  | Dex+3}
  1465 | D:1      | Reached XP level 5. HP: 5/33 MP: 2/5
  1681 | D:3      | Found a runed translucent door.
  1682 | D:3      | Noticed Crazy Yiuf
  1794 | D:3      | Found a burning altar of Makhleb.
  1829 | D:3      | Found an opulent altar of Gozag.
  1830 | D:3      | Found a sparkling altar of Nemelex Xobeh.
  1830 | D:3      | Noticed Grinder
  1840 | D:3      | Paralysed by Grinder for 5 turns
  1852 | D:3      | Paralysed by Grinder for 4 turns
  1858 | D:3      | Killed from afar by Grinder

Illustrated notes

Levels and vault maps discovered:
D:1:      minmay_arrival_three_doors, layout_rooms,
          shapermc_ecumenical_altar_mp_urbaneastern, minmay_misc_feat_room,
          serial_bayou_pond_d, minmay_octomino_c4
D:2:      layout_rooms, basic_altar, serial_bayou_pond_a
D:3:      layout_basic, grunt_temple_overflow_opulence,
          nicolae_overflow_crystal_walls, st_stairs_2, uniq_crazy_yiuf_cottage,
          uniq_grinder

Skill      XL: |  1  2  3  4 |
---------------+-------------+-----
Armour         | 4 |  4.3
Shields        | 4 |  4.3
Fighting       | 4 |  4.3
Maces & Flails | 3 |  3.2

Action                     |  1- 3 |  4- 6 || total
---------------------------+-------+-------++-------
  Melee: Flail             |   132 |   121 ||   253
  Throw: Dart              |       |     4 ||     4
 Armour: Scale mail        |    93 |    62 ||   155
  Dodge: Dodged            |    68 |    70 ||   138
  Block: Buckler           |    49 |    33 ||    82

Table legend: (Time is in decaauts)
 A = Elapsed time spent in this place.
 B = Non-inter-level travel time spent in this place.
 C = Inter-level travel time spent in this place.
 D = Time resting spent in this place.
 E = Time spent auto-exploring this place.
 F = Levels seen in this place.
 G = Mean time per level.
                   A        B        C        D        E       F      G
               +--------+--------+--------+--------+--------+-----+--------+
         Total |   1943 |   1873 |     70 |    167 |   1097 |   3 |  647.7 |
       Dungeon |   1943 |   1873 |     70 |    167 |   1097 |   3 |  647.7 |
               +--------+--------+--------+--------+--------+-----+--------+

Top non-repeatable levels by time:
     D:1: 926 daAuts
     D:2: 598 daAuts
     D:3: 419 daAuts
